 Dungeon Crawl Stone Soup version 0.19-a0-944-gb338e1e (webtiles) character file.

931 sugabear the Ducker (level 8, -8/41 HPs)
             Began as a Vine Stalker Gladiator on July 8, 2016.
             Was a Follower of Uskayaw.
             Mangled by a wyvern (13 damage)
             ... on level 5 of the Dungeon.
             The game lasted 00:05:56 (4253 turns).

sugabear the Ducker (Vine Stalker Gladiator)        Turns: 4253, Time: 00:05:57

Health: -8/41      AC:  7    Str: 19      XL:     8   Next: 11%
Magic:  0/9        EV: 13    Int:  8      God:    Uskayaw [*.....]
Gold:   172        SH:  0    Dex: 12 (14) Spells: 0 memorised, 7 levels left

rFire  . . .     SeeInvis .     a - +0 flail
rCold  + . .     Gourm    +     h - +0 ring mail
rNeg   . . .     Faith    .     (no shield)
rPois  .         Spirit   +     c - +0 helmet
rElec  .         Dismiss  .     (no cloak)
rCorr  .         Reflect  .     (no gloves)
SustAt .         Harm     .     (no boots)
MR     +....                    r - amulet of the gourmand
Stlth  +.........               u - -2 ring of dexterity (curse)
                                C - ring of protection from cold

@: somewhat resistant to hostile enchantments, very unstealthy
A: fangs 3, regeneration 2, magic shield, antimagic bite, no device heal 3, rot
immunity
a: Stomp, Renounce Religion


You were on level 5 of the Dungeon.
You worshipped Uskayaw.
Uskayaw was aware of your devotion.
You were very full.

You visited 2 branches of the dungeon, and saw 6 of its levels.

You collected 200 gold pieces.
You spent 28 gold pieces at shops.

Inventory:

Hand Weapons
 a - a +0 flail (weapon)
Missiles
 d - 2 throwing nets (quivered)
Armour
 b - a +0 leather armour
 c - a +0 helmet (worn)
 h - a +0 ring mail (worn)
Jewellery
 r - an amulet of the gourmand (around neck)
 u - a cursed -2 ring of dexterity (right hand)
 z - an uncursed ring of flight
 C - a ring of protection from cold (left hand)
Wands
 A - a wand of iceblast (12/15)
Scrolls
 l - a scroll of enchant armour {unknown}
 m - 3 scrolls of magic mapping {unknown}
 o - 4 scrolls of identify
 p - a scroll of random uselessness {unknown}
 q - 2 scrolls of noise {unknown}
 s - a scroll of immolation {unknown}
 t - a scroll of teleportation {unknown}
 w - a scroll of amnesia {unknown}
 y - 3 scrolls of enchant weapon {unknown}
Potions
 e - a potion of invisibility {unknown}
 i - a potion of agility {unknown}
 k - a potion of flight {unknown}
 v - a potion of curing {unknown}
 x - 2 potions of mutation {unknown}
Books
 B - a book of Battle

   Spells                             Type                      Level
   a - Infusion                       Charms                       1
   b - Shroud of Golubria             Charms/Translocation         2
   c - Song of Slaying                Charms                       2
   d - Spectral Weapon                Hexes/Charms                 3
   e - Regeneration                   Charms/Necromancy            3
Comestibles
 f - 3 bread rations
 g - a meat ration
 j - 2 beef jerkies
 n - 2 slices of pizza
 D - 8 fruits


   Skills:
 + Level 3.6 Fighting
 + Level 4.1 Maces & Flails
 + Level 2.0 Throwing
 + Level 4.2 Armour
 + Level 4.6 Dodging
 + Level 1.1 Stealth
 * Level 1.3 Invocations


You had 7 spell levels left.
You didn't know any spells.

Dungeon Overview and Level Annotations

Branches:
Dungeon (5/15)             Temple (1/1) D:5

Altars:
Ashenzari
Cheibriados
Dithmenos
Elyvilon
Gozag
Hepliaklqana
Kikubaaqudgha
Makhleb
Nemelex Xobeh
Okawaru
Pakellas
Qazlal
Ru
Trog
Uskayaw
Vehumet
Xom
Yredelemnul
Zin
The Shining One

Shops:
D:4 *


Innate Abilities, Weirdness & Mutations

You have razor-sharp teeth.
You heal very quickly.
When hurt, damage is shared between your health and your magic reserves.
Your bite disrupts and absorbs the magic of your enemies.
Potions and wands cannot restore your health.
You are immune to rotting.


Message History

Unknown command.
Okay, then.
Throwing (i - inventory):
d - 3 throwing nets (quivered)
Press: ? - help, Shift-Dir - straight line, f - wyvern
Aim: a wyvern (severely wounded)
You throw a throwing net. The throwing net hits the wyvern.
The wyvern is caught in the net!
The wyvern is severely wounded.
The wyvern struggles against the net.
You hit the wyvern. You bite the wyvern, but do no damage.
The wyvern is severely wounded.
The wyvern struggles against the net.
You hit the wyvern.
The wyvern is almost dead.
The wyvern struggles against the net. x2
The net rips apart, and the wyvern comes free!
You hit the wyvern but do no damage.
The wyvern is almost dead.
The wyvern bites you!
You die...

#.≈.# #... #...# ..... #...
##### ......#####...
..............
###########.'########'...
............#........#...
.............#.+####'.#...
>[.........†..#.#....#.#...
.............@...#.#.##.#.#...
.............†l..#.#.##.#.#...
............$†...#.#....#.#...
.................#.+####'.#...
.................#........#...
.................'########'.##
......(....$................##
.......<........###.....######
%...............# #.....## #


You could see a wyvern.

Vanquished Creatures
  2 ogres
  A scorpion (D:5)
  3 howler monkeys
  A hound (D:3)
  A quasit (D:5)
  An orc priest (D:3)
  4 orc wizards
  Terence (D:2)
  4 worker ants
  2 iguanas
  3 gnolls (D:4)
  8 adders
  A howler monkey skeleton (D:5)
  An adder skeleton (D:4)
  2 worms (D:3)
  3 giant geckos
  8 orcs (D:3)
  A ball python (D:3)
  7 bats
  6 giant cockroaches
  4 goblins
  9 hobgoblins
  5 kobolds
  2 quokkas
  7 giant newts
  2 jackal skeletons (D:4)
  8 rats
97 creatures vanquished.

Vanquished Creatures (others)
  An orc wizard (D:3)
1 creature vanquished.

Grand Total: 98 creatures vanquished

Notes
Turn   | Place    | Note
-------+----------+-------------------------------------------
     0 | D:1      | sugabear the Vine Stalker Gladiator began the quest for the Orb.
     0 | D:1      | Reached XP level 1. HP: 11/11 MP: 2/2
   116 | D:1      | Reached XP level 2. HP: 15/15 MP: 3/3
   904 | D:2      | Reached XP level 3. HP: 18/18 MP: 4/4
  1069 | D:2      | Noticed Terence
  1080 | D:2      | Killed Terence
  1230 | D:2      | Reached skill level 1 in Armour
  1260 | D:2      | Found an opulent altar of Gozag.
  1451 | D:2      | Reached XP level 4. HP: 21/23 MP: 5/5
  2000 | D:3      | Reached XP level 5. HP: 25/27 MP: 4/6
  2050 | D:3      | Found a glowing silver altar of Zin.
  2051 | D:3      | Found a white marble altar of Elyvilon.
  2334 | D:3      | Gained mutation: You heal very quickly. [Vine Stalker growth]
  2334 | D:3      | Reached XP level 6. HP: 32/32 MP: 7/7
  2684 | D:4      | Found Hobluitt's General Store.
  2973 | D:4      | Bought a scroll of identify for 28 gold pieces
  3153 | D:4      | Reached XP level 7. HP: 36/36 MP: 8/8
  3192 | D:4      | Reached skill level 1 in Stealth
  3586 | D:5      | Entered Level 5 of the Dungeon
  3618 | D:5      | Found a hazy altar of Hepliaklqana.
  3842 | D:5      | Found a staircase to the Ecumenical Temple.
  3853 | Temple   | Entered the Ecumenical Temple
  3966 | Temple   | Became a worshipper of Uskayaw the Reveler
  4021 | D:5      | Reached * piety under Uskayaw
  4041 | D:5      | Reached ** piety under Uskayaw
  4042 | D:5      | Reached skill level 1 in Invocations
  4042 | D:5      | Gained mutation: You have razor-sharp teeth. [Vine Stalker growth]
  4042 | D:5      | Reached XP level 8. HP: 10/40 MP: 9/9
  4241 | D:5      | Noticed a wyvern
  4253 | D:5      | Mangled by a wyvern

Vault maps used:
D:1:      saegor_arrival_simple_b
D:2:      nicolae_gozag_seed_capital, uniq_terence
D:3:      grunt_temple_overflow_open, kennysheep_decorative_pillar
D:4:      serial_shops, shop, patterned_corridor
D:5:      lemuel_doored_altar, first_bread, minivault_11, dk_vineyard_2,
          hangedman_glass_garden
Temple:   nicolae_temple_elliptical

Skill      XL: |  1  2  3  4  5  6  7 |
---------------+----------------------+-----
Fighting       | 2 3 |  3.6
Maces & Flails | 3 4 |  4.1
Throwing       | 2 |  2.0
Armour         | 1 2 3 4 |  4.2
Dodging        | 3 4 |  4.6
Stealth        | 1 |  1.1
Invocations    | 1 |  1.3

Action                   |  1- 3 |  4- 6 |  7- 9 || total
-------------------------+-------+-------+-------++-------
Melee: Flail             |    77 |   187 |   106 ||   370
       Bite              |    17 |    53 |    31 ||   101
Throw: Throwing net      |       |       |     2 ||     2
Invok: Line Pass         |       |       |     2 ||     2
 Stab: Held in net/web   |       |       |     1 ||     1
       Confused          |       |       |     1 ||     1
  Eat: Chunk             |       |    20 |     2 ||    22
Armor: Leather armour    |     7 |       |       ||     7
       Ring mail         |    27 |    81 |    41 ||   149
Dodge: Dodged            |    66 |   128 |    93 ||   287
